 Dungeon Crawl Stone Soup version 0.29.1 (webtiles) character file.

Game seed: 11255317275370141272

1691 RascalDebosk the Chopper (level 8, -15/73 HPs)
             Began as a Minotaur Berserker on Sept 14, 2022.
             Was a Believer of Trog.
             Engulfed by a steam dragon's steam (19 damage)
             ... on level 8 of the Dungeon.
             The game lasted 00:33:27 (6063 turns).

RascalDebosk the Chopper (Minotaur Berserker)       Turns: 6063, Time: 00:33:27

Health: -15/73     AC: 22    Str: 22    XL:     8   Next: 72%
Magic:  7/7        EV:  7    Int:  6    God:    Trog [**....]
Gold:   241        SH:  0    Dex: 10    Spells: 7/7 levels left

rFire   . . .      SeeInvis .   g - +1 war axe (protect)
rCold   . . .      Faith    .   (no shield)
rNeg    . . .      Spirit   .   d - +0 plate armour
rPois   .          Reflect  .   (helmet restricted)
rElec   .          Harm     .   (no cloak)
rCorr   .          Rampage  .   j - +0 pair of gloves
Will    ++...                   l - +0 pair of boots
Stlth   ..........              (no amulet)
HPRegen 1.22/turn               (no ring)
MPRegen 0.10/turn               (no ring)

@: strong-willed, under a protective aura, on berserk cooldown, regenerating,
slowed, very slow
A: horns 2, retaliatory headbutt
a: Renounce Religion, Berserk, Trog's Hand


You were on level 8 of the Dungeon.
You worshipped Trog.
Trog was pleased with you.
You visited 2 branches of the dungeon, and saw 9 of its levels.

You collected 436 gold pieces.
You spent 195 gold pieces at shops.

Inventory:

Hand Weapons
 g - a +1 war axe of protection (weapon)
 x - a +0 mace
Missiles
 y - 2 boomerangs (quivered)
 A - 3 silver boomerangs
Armour
 d - a +0 plate armour (worn)
 j - a +0 pair of gloves (worn)
 l - a +0 pair of boots (worn)
Wands
 c - a wand of digging (5)
 u - a wand of roots (8)
Scrolls
 a - a scroll of poison
 e - 2 scrolls of blinking
 h - 2 scrolls of magic mapping
 i - 3 scrolls of fear
 k - 3 scrolls of amnesia
 s - 3 scrolls of teleportation
Potions
 b - a potion of invisibility
 m - 6 potions of curing
 n - 3 potions of heal wounds
 p - a potion of cancellation
 q - 3 potions of magic
 r - a potion of flight
 t - a potion of berserk rage
 v - 2 potions of mutation
 w - a potion of haste
 z - a potion of might


   Skills:
 + Level 7.0 Fighting
 + Level 7.0 Axes
 + Level 4.7 Throwing
 + Level 6.4 Armour
 - Level 2.1 Dodging
 + Level 4.2 Evocations


You had 7 spell levels left.
You didn't know any spells.
Your spell library was empty.

Dungeon Overview and Level Annotations

Branches:
Dungeon (8/15)             Temple (1/1) D:6
   Lair: D:8-11

Altars:
Ashenzari
Cheibriados
Dithmenos
Hepliaklqana
Kikubaaqudgha
Makhleb
Nemelex Xobeh
Okawaru
Qazlal
Ru
Sif Muna
Trog
Uskayaw
Vehumet
Wu Jian
Xom
Yredelemnul
Zin
The Shining One

Shops:
D:1 (!?   D:2 *


Innate Abilities, Weirdness & Mutations

You have a pair of horns on your head.
You reflexively headbutt those who attack you in melee.


Message History

Your Axes skill increases to level 7!
You are no longer berserk.
You are exhausted.
You feel yourself slow down.
The black bear bites you but does no damage.
The black bear claws you.
* * * LOW HITPOINT WARNING * * *
The black bear claws you but does no damage.
Things that are here:
a +0 dagger; a +0 robe You slash the black bear!
The black bear is moderately wounded.
You slash the steam dragon!
The black bear bites you but does no damage.
The black bear claws you but does no damage. x2
The steam dragon breathes steam at you. The ball of steam hits you.
* * * LOW HITPOINT WARNING * * *
The black bear bites you but does no damage.
The black bear claws you but does no damage. x2
The steam dragon barely misses you. The steam dragon closely misses you.
You barely miss the black bear.
The black bear is moderately wounded.
You hit the steam dragon but do no damage.
The black bear is engulfed in a cloud of scalding steam.
The black bear bites you but does no damage.
The black bear closely misses you.
The black bear claws you but does no damage.
The steam dragon closely misses you.
The steam dragon claws you but does no damage.
The black bear is engulfed in a cloud of scalding steam.
The black bear bites you but does no damage.
The black bear completely misses you.
The black bear claws you but does no damage.
The steam dragon breathes steam at you. The ball of steam misses you.
Your skin crawls.
You feel strong-willed.
You are engulfed in a cloud of scalding steam.
You die...

.. #.<.# .##.
#.. #...# #.#..
#...#...##.....
#...#...#.#..#
#..§.§.......#
##.§.§...)...#
#......))..?##.
#.....#§§§......
###....§@§......
##.#.§hD......
..............
#..............
............##.
#...........#
###.........#
...........


You could see a steam dragon (catching breath) and a black bear.

Vanquished Creatures
  A hornet (D:8)
  Grinder (D:6)
  A steam dragon (D:8)
  An ice beast (D:6)
  A black bear (D:6)
  An ogre (D:5)
  Blork the orc (D:4)
  A bullfrog (D:6)
  A necrophage (D:7)
  A scorpion (D:6)
  The ghost of Iusername the Covered, a weakling MiFi (D:3)
  A howler monkey (D:5)
  5 hounds
  A jelly (D:5)
  An orc priest (D:8)
  2 iguanas
  5 orc wizards
  5 adders
  A river rat (D:3)
  4 gnolls (D:5)
  A shadow imp (D:6)
  A white imp (D:5)
  4 worms
  3 dart slugs
  13 orcs
  6 bats
  6 endoplasms
  6 giant cockroaches
  2 goblins (D:2)
  8 hobgoblins
  4 jackals (D:5)
  A quokka (D:1)
  A ball python (D:2)
  A frilled lizard (D:3)
  2 kobolds (D:1)
  6 rats
101 creatures vanquished.

Notes
Turn   | Place    | Note
-------+----------+-------------------------------------------
     0 | D:1      | RascalDebosk the Minotaur Berserker began the quest for the
                  | Orb.
     0 | D:1      | Reached XP level 1. HP: 19/19 MP: 0/0
    19 | D:1      | Found Jelehom's Distillery.
    79 | D:1      | Found Mutrigho's Magic Scroll Boutique.
   150 | D:1      | Bought a potion of degeneration for 13 gold pieces
   535 | D:1      | Reached XP level 2. HP: 27/27 MP: 1/1
   711 | D:1      | Found Edwyajuy's Antique Weapon Emporium.
  1209 | D:2      | Reached ** piety under Trog
  1211 | D:2      | Reached skill level 1 in Throwing
  1211 | D:2      | Reached XP level 3. HP: 20/33 MP: 2/2
  1339 | D:2      | Found a faded altar of an unknown god.
  1431 | D:2      | Reached skill level 1 in Evocations
  1563 | D:2      | Found Acwiry's General Store.
  2260 | D:3      | Reached XP level 4. HP: 38/40 MP: 3/3
  2271 | D:3      | Found a runed translucent door.
  2278 | D:3      | Noticed Iusername's ghost (weakling MiFi)
  2291 | D:3      | Killed Iusername's ghost
  2440 | D:3      | Found a runed translucent door.
  2956 | D:1      | Bought a potion of curing for 39 gold pieces
  2956 | D:1      | Bought a potion of mutation for 104 gold pieces
  2956 | D:1      | Bought a potion of curing for 39 gold pieces
  3128 | D:4      | Reached XP level 5. HP: 26/47 MP: 4/4
  3299 | D:4      | Noticed Blork the orc
  3311 | D:4      | Killed Blork the orc
  3469 | D:4      | Reached XP level 6. HP: 55/55 MP: 5/5
  3974 | D:5      | Entered Level 5 of the Dungeon
  3982 | D:5      | Reached skill level 5 in Fighting
  3982 | D:5      | Reached skill level 5 in Axes
  4313 | D:5      | Reached XP level 7. HP: 14/61 MP: 6/6
  4653 | D:5      | Found an ancient bone altar of Kikubaaqudgha.
  4813 | D:5      | Found a burning altar of Makhleb.
  4925 | D:6      | Reached skill level 5 in Armour
  5136 | D:6      | Noticed Grinder
  5143 | D:6      | Killed Grinder
  5144 | D:6      | Reached XP level 8. HP: 70/70 MP: 7/7
  5196 | D:6      | Found a staircase to the Ecumenical Temple.
  5204 | Temple   | Entered the Ecumenical Temple
  5538 | D:6      | Found a snail-covered altar of Cheibriados.
  5539 | D:6      | Found a glowing golden altar of the Shining One.
  5539 | D:6      | Found a broken altar of Ashenzari.
  5550 | D:6      | Found a bloodstained altar of Trog.
  5552 | D:6      | Found a hazy altar of Hepliaklqana.
  5553 | D:6      | Found a sparkling altar of Nemelex Xobeh.
  5902 | D:8      | Noticed a hornet
  5906 | D:8      | Paralysed by a hornet for 1 turns
  5909 | D:8      | Paralysed by a hornet for 2 turns
  5912 | D:8      | Killed a hornet
  6059 | D:8      | Reached *** piety under Trog
  6061 | D:8      | HP: 3/73 [steam dragon/ball of steam (1)]
  6063 | D:8      | Engulfed by a steam dragon's steam

Illustrated notes

Levels and vault maps discovered:
D:1:      lightli_arrival_statuegarden, layout_basic, serial_shops,
          nicolae_shop_stone, shop_coins, shop, minmay_misc_feat_cross
D:2:      minmay_wonky_spiral, layout_basic, serial_shops, shop,
          shapermc_ecumenical_altar_ellora
D:3:      layout_loops_ring, ebering_ghost_sewer_f
D:4:      layout_loops_ring, kennysheep_diamond, hangedman_decor_slide_cut,
          uniq_blork_the_orc
D:5:      layout_rooms, mainiacjoe_overflow_alcove_2, kennysheep_mini
D:6:      layout_loops_ring, minitemple, minmay_temple_entry_fiery, uniq_grinder
D:7:      due_chaos_kobolds, layout_basic, enter_ossuary_5
D:8:      wander_kiku_kobolds, layout_cave_pools, special_room
          [special_room_orc], uniq_maggie
Temple:   minmay_freezing_vapour_temple

Skill      XL: |  1  2  3  4  5  6  7  8 |
---------------+-------------------------+-----
Fighting       | 4 5 6 7 |  7.0
Throwing       | 1 2 3 4 |  4.7
Axes           | 4 5 6 7 |  7.0
Armour         | 3 4 5 6 |  6.4
Evocations     | 1 2 3 4 |  4.2
Dodging        | |  2.1

Action                   |  1- 3 |  4- 6 |  7- 9 || total
-------------------------+-------+-------+-------++-------
Melee: Hand axe          |    50 |       |       ||    50
       Headbutt          |    11 |    13 |    15 ||    39
       War axe           |    36 |    74 |    86 ||   196
       Punch             |       |       |     3 ||     3
Throw: Boomerang         |       |       |     1 ||     1
Invok: Berserk           |       |     2 |     3 ||     5
       Trog's Hand       |       |       |     2 ||     2
  Use: Scroll            |       |    15 |     6 ||    21
       Potion            |       |       |     1 ||     1
Armor: Ring mail         |    13 |       |       ||    13
       Animal skin       |     4 |       |       ||     4
       Chain mail        |    24 |    53 |    34 ||   111
       Plate armour      |       |       |    24 ||    24
Dodge: Dodged            |    58 |    37 |    40 ||   135
